 Dungeon Crawl Stone Soup version 0.21.1-1-g345015f (webtiles) character file.

553 asishallab the Shield-Bearer (level 7, -1/66 HPs)
             Began as a Troll Fighter on May 14, 2018.
             Killed by nerve-wracking pain
             ... invoked by Sapher's ghost
              (3 damage)
             ... on level 5 of the Dungeon.
             The game lasted 00:10:05 (3998 turns).

asishallab the Shield-Bearer (Troll Fighter)        Turns: 3998, Time: 00:10:06

Health: -1/66      AC:  6    Str: 28 (30) XL:     7   Next: 8%
Magic:  6/6        EV: 15    Int:  2 (4)  God:
Gold:   187        SH: 10    Dex: 14 (16) Spells: 6/6 levels left

rFire    . . .     SeeInvis .   a - +1 war axe
rCold    . . .     Gourm    +   u - +0 shield
rNeg     . . .     Faith    .   v - +0 robe
rPois    .         Spirit   .   (helmet restricted)
rElec    .         Reflect  .   g - +0 cloak
rCorr    .         Harm     .   (gloves unavailable)
MR       .....     Rnd*Tele +   (boots unavailable)
Stlth    ++........             (no amulet)
HPRegen  0.61/turn              x - ring of teleportation (curse)
MPRegen  0.10/turn              (no ring)

@: mighty, agile, lethally poisoned (-1 -> -10)
A: large, unfitting armour, claws 3, fast metabolism 3, gourmand, regeneration
1, shaggy fur 1, tough skin 2
a: no special abilities


You were on level 5 of the Dungeon.
You were completely stuffed.

You visited 1 branch of the dungeon, and saw 5 of its levels.

You collected 187 gold pieces.

Inventory:

Hand Weapons
 a - a +1 war axe (weapon)
 p - a +4 flail
Missiles
 h - 66 stones (quivered)
Armour
 g - a +0 cloak (worn)
 u - a +0 shield (worn)
 v - a +0 robe (worn)
Jewellery
 x - a cursed ring of teleportation (left claw)
Wands
 b - a wand of flame (26)
Scrolls
 k - 2 scrolls of immolation
 m - a scroll of amnesia
 n - a scroll of fear
 s - 4 scrolls of teleportation
Potions
 q - 2 potions of brilliance
Comestibles
 c - 3 chunks of flesh
 f - 11 rations


   Skills:
 - Level 2.4 Fighting
 + Level 3.9 Axes
 + Level 4.3 Dodging
 + Level 4.3 Shields


You had 6 spell levels left.
You didn't know any spells.

Dungeon Overview and Level Annotations

Branches:
Dungeon (5/15)
 Temple: D:4-7

Altars:
Gozag

Annotations:
D:5 Sapher's ghost, weakling GnNe


Innate Abilities, Weirdness & Mutations

You are too large for most types of armour.
You have claws for hands.
Your metabolism is lightning-fast.
You like to eat raw meat.
Your natural rate of healing is unusually fast.
You are covered in fur. (AC +1)
You have very tough skin. (AC +2)


Message History

You feel sick.
Sapher's ghost points at you and mumbles some strange words.
Pain shoots through your body!
* * * LOW HITPOINT WARNING * * *
You feel agile all of a sudden.
* * * LOW HITPOINT WARNING * * *
You feel very sick. Sapher's ghost closely misses you.
You miss Sapher's ghost.
Sapher's ghost is severely damaged.
* * * LOW HITPOINT WARNING * * *
You feel very sick. You block Sapher's ghost's attack.
You closely miss Sapher's ghost.
Sapher's ghost is severely damaged.
* * * LOW HITPOINT WARNING * * *
You feel sick.
Sapher's ghost points at you and mumbles some strange words.
Pain shoots through your body!
You die...

#.....###############
#..... +...#+# ###
#.# # #.#
#####.#.######
......#.#<...##
......W........
#####@# #.....#
#.....# #.....#
#.....# .# ##.....#
#.# #......# #.#
#.....#####.#
#.....#....>#


You could see Sapher's ghost.

Vanquished Creatures
  The ghost of Monsterracer the Chiller, an amateur KoIE of Fedhas (D:4)
  An ice beast (D:5)
  A hound (D:4)
  An iguana (D:4)
  2 orc wizards
  3 worker ants (D:4)
  5 adders
  A howler monkey skeleton (D:4)
  3 oozes (D:1)
  2 dart slugs
  2 leopard geckos
  12 orcs
  5 giant cockroaches
  8 hobgoblins
  4 jackals
  A quokka (D:3)
  3 ball pythons
  12 bats
  15 frilled lizards
  9 goblins
  10 kobolds
  A leopard gecko zombie (D:5)
  8 rats
  A bush (D:1)
  A plant (D:1)
112 creatures vanquished.

Notes
Turn   | Place    | Note
-------+----------+-------------------------------------------
     0 | D:1      | asishallab the Troll Fighter began the quest for the Orb.
     0 | D:1      | Reached XP level 1. HP: 22/22 MP: 0/0
    26 | D:1      | Reached XP level 2. HP: 26/29 MP: 1/1
   221 | D:1      | Reached XP level 3. HP: 31/36 MP: 2/2
  1382 | D:2      | Reached XP level 4. HP: 24/44 MP: 3/3
  2472 | D:3      | Reached XP level 5. HP: 48/50 MP: 4/4
  2941 | D:4      | Noticed Monsterracer's ghost (amateur KoIE)
  2957 | D:4      | Killed Monsterracer's ghost
  2957 | D:4      | Reached XP level 6. HP: 11/59 MP: 5/5
  3633 | D:4      | Found an opulent altar of Gozag.
  3862 | D:5      | Entered Level 5 of the Dungeon
  3926 | D:5      | Noticed an ice beast
  3977 | D:5      | Killed an ice beast
  3977 | D:5      | Reached XP level 7. HP: 66/66 MP: 6/6
  3979 | D:5      | Noticed Sapher's ghost (weakling GnNe)
  3997 | D:5      | HP: 3/66 [poisoned by Sapher's ghost]
  3998 | D:5      | Killed from afar by Sapher's ghost

Skill      XL: |  1  2  3  4  5  6 |
---------------+-------------------+-----
Axes           | 2 3 |  3.9
Shields        | 3 4 |  4.3
Dodging        | 3 4 |  4.3
Fighting       | |  2.4

Action                   |  1- 3 |  4- 6 |  7- 9 || total
-------------------------+-------+-------+-------++-------
Melee: War axe           |   175 |   165 |    16 ||   356
       Flail             |       |    41 |       ||    41
  Use: Scroll            |     3 |     5 |       ||     8
       Potion            |     1 |     6 |     3 ||    10
 Stab: Sleeping          |       |     1 |       ||     1
  Eat: Chunk             |    19 |    25 |       ||    44
Armor: Robe              |    41 |    71 |     1 ||   113
Dodge: Dodged            |    32 |    83 |     5 ||   120
Block: Shield            |    44 |   114 |     6 ||   164
